 Dungeon Sprint DCSS version 0.17-a0-1946-gfb768fe (webtiles) character file.

5 esc the Insei (level 1, -1/13 HPs)
             Began as an Octopode Transmuter on Oct 1, 2015.
             Was an Initiate of Cheibriados.
             Slain by a gnoll
             ... wielding a +0 whip
              (8 damage)
             ... in the Dungeon (Sprint VII: "The Pits").
             The game lasted 00:00:41 (69 turns).

esc the Insei (Octopode Transmuter)                   Turns: 69, Time: 00:00:41

Health: -1/13      AC:  1    Str: 10    XL:     1   Next: 80%
Magic:  2/3        EV: 12    Int: 16    God:    Cheibriados [......]
Gold:   0          SH:  0    Dex: 13    Spells: 1 memorised, 3 levels left

rFire  . . .     SeeInvis .       - Unarmed
rCold  . . .     Clarity  .     (no shield)
rNeg   . . .     SustAt   .     (helmet restricted)
rPois  .         Gourm    .     (no amulet)
rElec  .         Spirit   .     (no ring)
rCorr  .         Warding  .     (no ring)
rMut   .         NoTele   +     (no ring)
MR     .....                    (no ring)
Stlth  ++........               (no ring)
                                (no ring)
                                (no ring)
                                (no ring)

@: appendage, very slow, not resistant to hostile enchantments, unstealthy
A: almost no armour, amphibious, 8 rings, constrict 8, tentacle spike 3,
camouflage 1, gelatinous body 1
a: End Transformation, Bend Time, Renounce Religion


You were in the Dungeon.
You worshipped Cheibriados.
Cheibriados was noncommittal.
You were not hungry.
One of your tentacles had a temporary spike.
You visited 1 branch

Inventory:

Missiles
 a - 12 arrows
Magical staves
 p - an uncursed staff of energy {@w1+MP, hungerless spells, !d!a}
   (You found it in the Dungeon)
Scrolls
 i - a scroll of blinking {!r}
 m - 3 scrolls of remove curse
 n - 5 scrolls of amnesia
 o - a scroll of summoning
Potions
 d - a potion of curing
 e - a potion of heal wounds
 f - a potion of haste
 g - 4 potions of magic
 h - 3 potions of berserk rage {!q}
 l - 2 potions of invisibility
Books
 b - a book of Changes
Comestibles
 c - 8 bread rations {@e1}
 j - 40 fruits
 k - 7 meat rations {@e2}


   Skills:
 + Level 1.6 Fighting
 + Level 2.4 Dodging
 + Level 3.3 Unarmed Combat
 + Level 2.3 Spellcasting
 + Level 2.5 Transmutations


You had 3 spell levels left.
You knew the following spells:

 Your Spells              Type           Power        Failure   Level  Hunger
a - Beastly Appendage     Trmt           ##....       10%         1    #......


Dungeon Overview and Level Annotations

Branches:
Dungeon (1/1)

Altars:
Ashenzari
Cheibriados
Dithmenos
Elyvilon
Fedhas
Gozag
Kikubaaqudgha
Makhleb
Nemelex Xobeh
Okawaru
Qazlal
Ru
Sif Muna
Trog
Vehumet
Xom
Yredelemnul
Zin
The Shining One
Beogh
Jiyva
Lugonu


Innate Abilities, Weirdness & Mutations

You cannot wear most types of armour.
You are amphibious.
You can wear up to eight rings at the same time.
You can use your tentacles to constrict eight enemies at once.
Your skin changes colour to match your surroundings (Stealth).
Your rubbery body absorbs attacks (AC +1).
One of your tentacles bears a large vicious spike.


Message History

Welcome, esc the Octopode Transmuter.
Found a staircase leading out of the dungeon.
You open the door.
There is an open door to the Entrance Hall (Safe) here.
You open the huge gate.
A kobold demonologist comes into view. It is wielding a dagger.
You close the huge gate.
One of your tentacles grows a vicious spike.
You now have 2/3 mp.
You open the door.
An ufetubus comes into view.
There is an open door to the Storerooms (Easy) here.
The helpless ufetubus fails to defend itself.
You bludgeon the ufetubus!
You kill the ufetubus!
You open the door.
Your transformation is almost over.
There is an open door here.
You open the door.
There is an open door here.
MP restored: 3 As you open the door, it creaks loudly!
There is an open door here.
j - 40 fruits;
k - 7 meat rations {@e2};
c - 8 bread rations {@e1} (gained 7)
Your tentacle spike disappears.
g - 4 potions of magic (gained 2)
h - 3 potions of berserk rage {!q} (gained 2)
l - 2 potions of invisibility
m - 3 scrolls of remove curse;
n - 5 scrolls of amnesia
o - a scroll of summoning You see here 2 scrolls of vulnerability {!r!r}.
p - an uncursed staff of energy {@w1+MP, hungerless spells, !d!a} You see here 10 stones.
There is an open door here.
You open the door.
Found eight altars.
Found twelve altars.
There is an open door to the Temple (Safe) here.
There is a shadowy altar of Dithmenos here.
There is a bloodstained altar of Trog here.
There is a white marble altar of Elyvilon here.
There is a snail-covered altar of Cheibriados here.
You curl up in front of the altar of Cheibriados.
Cheibriados welcomes you!
Cheibriados begins to support your attributes as your movement slows.
You can now bend time to slow others.
Found a stormy altar of Qazlal and an opulent altar of Gozag.
There is a blossoming altar of Fedhas here.
There is a blossoming altar of Fedhas here.
There is a snail-covered altar of Cheibriados here.
There is a white marble altar of Elyvilon here.
There is a bloodstained altar of Trog here.
There is a shadowy altar of Dithmenos here.
There is an open door to the Temple (Safe) here.
There is an open door here.
One of your tentacles grows a vicious spike.
You now have 2/3 mp.
You open the door.
A goblin and a gnoll come into view.
The gnoll shouts!
The goblin shouts!
There is an open door here.
You barely miss the gnoll. You grab the gnoll.
You constrict the gnoll, but do no damage.
The gnoll hits you with a whip. The goblin closely misses you.
You take 6 damage, and have 7/13 hp.
MASSIVE DAMAGE!!
You tentacle-slap the gnoll. You constrict the gnoll.
The gnoll hits you with a whip!
Ouch! That really hurt!
You die...

############
#__________#
#__________#
#.#####'##############++
#_#)))'.'..##...........
#_#)))#.#?(##......#..#.
#######'#####...........
#...........'...........
#+#####@#####......#..#.
#gg# #........... +..#
####'#####++ ####
#.......# ++ #.......#
.. #.......# ..
#...<...# .. #.......#
.. #.......# ..


You could see a gnoll and a goblin.

Vanquished Creatures
  An ufetubus (D)
1 creature vanquished.

Notes
Turn   | Place    | Note
--------------------------------------------------------------
     0 | D        | esc the Octopode Transmuter began the quest for the Orb.
     0 | D        | Reached XP level 1. HP: 13/13 MP: 3/3
    10 | D        | Noticed a kobold demonologist
    46 | D        | Found a sacrificial altar of Ru.
    46 | D        | Found a shadowy altar of Dithmenos.
    46 | D        | Found a bloodstained altar of Trog.
    46 | D        | Found a deep blue altar of Sif Muna.
    46 | D        | Found a shimmering altar of Xom.
    46 | D        | Found a sparkling altar of Nemelex Xobeh.
    46 | D        | Found a corrupted altar of Lugonu.
    46 | D        | Found a viscous altar of Jiyva.
    47 | D        | Found a basalt altar of Yredelemnul.
    47 | D        | Found a glowing golden altar of the Shining One.
    47 | D        | Found a shattered altar of Ashenzari.
    47 | D        | Found a white marble altar of Elyvilon.
    47 | D        | Found a snail-covered altar of Cheibriados.
    47 | D        | Found a blossoming altar of Fedhas.
    47 | D        | Found a radiant altar of Vehumet.
    47 | D        | Found a burning altar of Makhleb.
    47 | D        | Found an ancient bone altar of Kikubaaqudgha.
    47 | D        | Found a glowing silver altar of Zin.
    47 | D        | Found a roughly hewn altar of Beogh.
    47 | D        | Found an iron altar of Okawaru.
    52 | D        | Became a worshipper of Cheibriados the Contemplative
    53 | D        | Found a stormy altar of Qazlal.
    53 | D        | Found an opulent altar of Gozag.
    69 | D        | Slain by a gnoll

Vault maps used:
D:        pitsprint

Action                   || total
-------------------------++-------
Melee: Unarmed           ||     3
 Cast: Beastly Appendage ||     2
 Stab: Sleeping          ||     1

Vault maps used:
D:        pitsprint

Table legend:
 A = Turns spent in this place as a percentage of turns spent in the entire game.
 B = Non-inter-level travel turns spent in this place as a percentage of non-inter-level travel turns spent in the entire game.
 C = Inter-level travel turns spent in this place as a percentage of turns spent in this place.
 D = Turns resting spent in this place as a percentage of non-inter-level travel turns spent in this place.
 E = Turns spent auto-exploring this place as a percentage of non-inter-level travel turns spent in this place.
 F = Non-inter-level travel turns spent in this place divided by the number of levels of this place that you've seen.
                   A       B       C       D       E      F
               +-------+-------+-------+-------+-------+----------------------
         Total | 100.0 | 100.0 |   0.0 |   0.0 |   1.8 |  55.0
       Dungeon | 100.0 | 100.0 |   0.0 |   0.0 |   1.8 |  55.0
               +-------+-------+-------+-------+-------+----------------------

Table legend:
 A = Kills in this place as a percentage of kills in entire the game.
 B = Kills by you in this place as a percentage of kills by you in the entire game.
 C = Kills by friends in this place as a percentage of kills by friends in the entire game.
 D = Other kills in this place as a percentage of other kills in the entire game.
 E = Experience gained in this place as a percentage of experience gained in the entire game.
 F = Experience gained in this place divided by the number of levels of this place that you have seen.
                   A       B       C       D       E      F
               +-------+-------+-------+-------+-------+----------------------
         Total | 100.0 | 100.0 |  -nan |  -nan | 100.0 |   8.0
       Dungeon | 100.0 | 100.0 |  -nan |  -nan | 100.0 |   8.0
               +-------+-------+-------+-------+-------+----------------------
